wizbiz, neutral female human Wizard --------- ----- ----------- +.......| |...| |.........| |.......-# |<..| |..........########### #........|# #....| |.........| # ------------- |......*|# #|...| |.........| ###...........*| #........|# #----- |.........| #-.....*....*| ###---------# # ----|------ |..$-----...| # # # ## ##-...&.f&|*..| ### # # # |...|@@{|*..| # # # ### ####-...|..f|.[.|### ######*# # # |...-----...|# #------.---# # ##-...........|# #.........|# -----------.---- # |*...........# |........|# |...............########### ------------- |........|# |..............| |....>...|# |...............######### |........-# ---------------- ---------- wizbiz the Thaumaturge Experience level: 8 Strength: 6 Dexterity: 12 Constitution: 15 Intelligence: 18 Wisdom: 13 Charisma: 10 Health: 0(62) Energy: 6(82) Def: 3 Gold: 2603 Moves: 8548 Dungeon seed: yURtx4t-C4GkIIwd Game ID: wizbiz_1527124748 Your Inventory: Coins $ - 2603 gold pieces Weapons a - a blessed +3 quarterstaff (weapon in hands) U - a cursed -1 dagger Armor e - an uncursed +0 cloak of magic resistance (being worn) y - an uncursed +0 orcish helm N - an uncursed +0 pair of high boots (being worn) Comestibles i - an uncursed tin of elf meat l - an uncursed tin of goblin meat w - 5 uncursed food rations H - 3 uncursed lembas wafers I - a cursed tin of spinach T - an uncursed tin of kobold lord meat Scrolls g - an uncursed scroll of gold detection L - a blessed scroll of blank paper S - an uncursed scroll of destroy armor Spellbooks u - an uncursed spellbook of healing Potions j - an uncursed potion of confusion J - an uncursed potion of levitation K - a cursed potion of sickness Q - an uncursed potion of healing Rings c - an uncursed ring of slow digestion (on left hand) d - an uncursed +1 ring of increase damage (on right hand) B - a blessed +1 ring of adornment F - an uncursed ring of teleportation Wands b - a wand of fire (0:4) G - a wand of striking (0:8) O - a wand of teleportation (0:4) Tools t - an uncursed leash v - an uncursed tin opener x - an uncursed skeleton key E - an uncursed lock pick P - 7 uncursed tallow candles (0:200) R - an uncursed tin whistle Gems q - a blessed touchstone Spells and supernatural/magical abilities: Name Level Category Fail Memory a - force bolt 1 attack 0% 58% h - healing 1 healing 0% 94% s - slow monster 2 enchantment 0% 76% v - clairvoyance 3 divination 77% 58% H - haste self 3 escape 77% 60% W - pray for help -- divine ? -- Your skills at the end: Fighting Skills Weapon Skills quarterstaff [Skilled] Spellcasting Skills attack spells [Skilled] enchantment spells [Basic] Final Attributes: You were piously aligned. You were magic-protected. You saw invisible. You were telepathic. You had a +1 damage bonus. You had slower digestion. You were very fast. You are dead. Vanquished creatures: a small mimic a tengu a chameleon a giant beetle a wolf 3 leprechauns a gnome king a brown pudding a gold golem a lizard a dwarf lord 2 blue jellies a gnome mummy 4 water moccasins a rope golem a quasit a wood nymph 3 water nymphs 3 rock piercers 2 rock moles 2 ponies 2 shriekers 7 gnome lords 3 gnomish wizards a kobold mummy a red naga hatchling 2 gray oozes an elf zombie a ghoul a straw golem a paper golem a giant ant a little dog 4 floating eyes a kitten 9 dwarves a homunculus a kobold shaman 2 hill orcs 3 rothes 2 centipedes a giant bat 2 monkeys 2 orc zombies 7 dwarf zombies a wererat a werejackal 4 iguanas an acid blob 3 coyotes a gas spore 3 hobbits 2 manes a hobgoblin 4 giant rats a cave spider a yellow mold 31 gnomes 6 garter snakes a gnome zombie 4 geckos 9 jackals 3 foxes 2 kobolds 5 goblins 4 sewer rats 13 grid bugs 2 lichens 2 kobold zombies 7 newts 202 creatures vanquished. Voluntary challenges: You used a wielded weapon 164 times, starting on turn 29. You read items or engraved 33 times, starting on turn 449. You never genocided any monsters. You never polymorphed an object. You never changed form. You used no wishes. You never split a pudding. You wrote Elbereth's name 2 times, starting on turn 6264. You violated your moral code, losing 45 points of alignment, starting on turn 4512. Dungeon overview: The Dungeons of Doom: levels 1 to 7 Level 1 some altars to Ptah and Thoth, a fountain a long staircase Level 2 a general store, a fountain Level 3 some fountains Level 4 (stash) stairs to The Gnomish Mines Level 5 <- You were here a fountain Level 6 a fountain stairs to Sokoban Level 7 The Gnomish Mines: levels 5 to 8 Level 5 stairs to The Dungeons of Doom Level 6 Level 7 Level 8 some shops, a temple to Ptah, some fountains, a sink Sokoban: Level 5 stairs to The Dungeons of Doom History has recorded: On T:1 you entered the Dungeons of Doom to retrieve the Amulet of Yendor! On T:236 you reached level 2 of The Dungeons of Doom. On T:542 you advanced to experience level 2. On T:659 you advanced to experience level 3. On T:679 you reached level 3 of The Dungeons of Doom. On T:1351 you advanced to experience level 4. On T:1544 you reached level 4 of The Dungeons of Doom. On T:1560 you reached level 5 of The Dungeons of Doom. On T:1948 you reached level 1 of The Gnomish Mines. On T:2065 you advanced to experience level 5. On T:2341 you reached level 6 of The Dungeons of Doom. On T:3132 you reached level 4 of Sokoban. On T:3271 you reached level 7 of The Dungeons of Doom. On T:4035 you advanced to experience level 6. On T:4129 you reached level 2 of The Gnomish Mines. On T:4783 you reached level 3 of The Gnomish Mines. On T:5104 you advanced to experience level 7. On T:5394 you reached level 4 of The Gnomish Mines. On T:7782 you advanced to experience level 8. Score breakdown: Gold: 2603 (11618 points) Experience: 8 levels (14739 points) Exploration: 8 levels ( 15.09%) (11006 points) Discoveries: 30 items ( 10.42%) ( 9682 points) Valuables value: (no points given unless you survive) Artifact value: 0 ( 0 points) Variety of kills: 70 monsters ( 18.37%) (12859 points) Turncount: 8548 turns (-2146 points) Survival: died (score multiplied by 80%) Total score: 46206 Latest messages: The water demon misses the large cat. (2x) The water demon bites the large cat. The large cat misses the water demon. The spell hits the rock mole! The water demon misses the large cat. The water demon hits the large cat. The water demon bites the large cat. The large cat misses the water demon. The spell misses the rock mole. The spell hits the rock mole! The rock mole resists! You kill the rock mole! The water demon hits the large cat. The water demon misses the large cat. The water demon bites the large cat. The large cat misses the water demon. (2x) You write in the dust with your fingers. You die... Final status: Goodbye wizbiz the Wizard, killed by a succubus... You died in The Dungeons of Doom on dungeon level 5 with 46206 points, and 2603 pieces of gold, after 8548 moves. You were level 8 with a maximum of 62 hit points when you died.